 Dungeon Crawl Stone Soup version 0.30.0-17-ge0270778cf (webtiles) character file.

Game seed: 7070747468189321828

3544 cdecastro the Spear-Bearer (level 10, -7/82 HPs)
             Began as a Gnoll Cinder Acolyte on May 20, 2023.
             Was a High Priest of Ignis.
             Mangled by a killer bee (8 damage)
             ... on level 7 of the Dungeon on May 21, 2023.
             The game lasted 00:22:21 (9225 turns).

cdecastro the Spear-Bearer (Gnoll Cinder Acolyte)   Turns: 9225, Time: 00:22:22

Health: -7/82      AC:  8    Str: 13    XL:     10   Next: 9%
Magic:  0/18       EV: 16    Int: 18    God:    Ignis [*****.]
Gold:   258        SH:  0    Dex:  8    Spells: 17/20 levels left

rFire   + + .        d - +0 spear (flame)
rCold   x . .        (no shield)
rNeg    . . .        g - +0 ring mail
rPois   .            n - +1 hat
rElec   .            (no cloak)
rCorr   .            I - +0 pair of gloves
SInv    .            (no boots)
Will    .....        (no amulet)
Stlth   ++           r - +5 ring of evasion
HPRegen 0.33/turn    l - ring of fire
MPRegen 0.16/turn

%: no passive effects
@: lethally poisoned (-7 -> -18)
A: fangs 1, strong nose, distributed training
a: Renounce Religion, Fiery Armour, Foxfire Swarm, Rising Flame


You were on level 7 of the Dungeon.
You worshipped Ignis.
Ignis was extremely pleased with you.
You visited 1 branch of the dungeon, and saw 7 of its levels.
You also visited: Sewer.

You collected 384 gold pieces.
You spent 126 gold pieces at shops.

Inventory:

Hand Weapons
 d - a +0 spear of flaming (weapon)
 C - a +2 dagger of venom
Missiles
 q - 7 poisoned darts
 A - a throwing net
 B - 3 boomerangs
Armour
 g - a +0 ring mail (worn)
 n - a +1 hat (worn)
 I - a +0 pair of gloves (worn)
Jewellery
 l - a ring of fire (right hand)
 r - a +5 ring of evasion (left hand)
Wands
 D - a wand of flame (17)
Scrolls
 c - 2 scrolls of blinking {unknown}
 k - a scroll of torment {unknown}
 m - 4 scrolls of teleportation
 o - 4 scrolls of magic mapping {unknown}
 p - 2 scrolls of fog {unknown}
 s - a scroll of fear
 t - a scroll of enchant armour {unknown}
 u - a scroll of enchant weapon {unknown}
 v - a scroll of amnesia {unknown}
 x - a scroll of vulnerability {unknown}
 y - a scroll of brand weapon {unknown}
 H - a scroll of noise {unknown}
Potions
 a - a potion of lignification {unknown}
 b - a potion of magic
 e - 2 potions of curing {unknown}
 f - 2 potions of ambrosia {unknown}
 h - a potion of flight {unknown}
 i - 2 potions of might
 j - a potion of heal wounds
 w - a potion of attraction
 z - 2 potions of degeneration {unknown}
 E - 3 potions of cancellation
 F - 2 potions of invisibility {unknown}
 J - a potion of mutation


   Skills:
 + Level 8.4 Fighting
 + Level 5.1 Short Blades
 + Level 5.1 Long Blades
 + Level 5.1 Axes
 + Level 5.1 Maces & Flails
 + Level 8.4 Polearms
 + Level 5.1 Staves
 + Level 5.1 Ranged Weapons
 + Level 5.1 Throwing
 + Level 5.1 Armour
 + Level 5.1 Dodging
 + Level 5.1 Stealth
 + Level 5.1 Shields
 + Level 5.1 Unarmed Combat
 + Level 5.9 Spellcasting
 + Level 4.2 Conjurations
 + Level 4.2 Hexes
 + Level 4.2 Summonings
 + Level 4.2 Necromancy
 + Level 4.2 Translocations
 + Level 4.2 Transmutations
 + Level 7.0 Fire Magic
 + Level 4.2 Ice Magic
 + Level 4.2 Air Magic
 + Level 4.2 Earth Magic
 + Level 4.2 Poison Magic
 + Level 5.6 Invocations
 + Level 5.1 Evocations


You had 17 spell levels left.
You knew the following spells:

 Your Spells              Type           Power      Damage    Failure   Level
a - Scorch                Fire           92%        2d8       1%          2
b - Necrotise             Necr           80%        1d8       4%          1

Your spell library contained the following spells:

 Spells                   Type           Power      Damage    Failure   Level
 Apportation              Tloc           40%        N/A       4%          1
 Kiss of Death            Conj/Necr      80%        2d11      4%          1
 Summon Small Mammal      Summ           80%        N/A       4%          1
 Ensorcelled Hibernation  Hex/Ice        40%        N/A       6%          2
 Passwall                 Tmut/Erth      16%        N/A       6%          2
 Confusing Touch          Hex            20%        N/A       13%         3
 Swiftness                Air            20%        N/A       13%         3
 Dispel Undead            Necr           20%        3d11      38%         4


Dungeon Overview and Level Annotations

Branches:
Dungeon (7/15)              Sewer (visited)
 Temple: D:4-7

Altars:
Ashenzari
Cheibriados
Dithmenos
Fedhas
Kikubaaqudgha
Trog
Yredelemnul

Shops:
D:3 ?:?((   D:4 *

Annotations:
D:2 1 runed translucent door, Crazy Yiuf
D:5 2 runed translucent doors, Pooter's ghost, novice MiBe


Innate Abilities, Weirdness & Mutations

You have very sharp teeth.
Your uncanny sense of smell can sniff out nearby items.
Your experience applies equally to all skills.


Message History

You miss the killer bee.
The killer bee is almost dead.
You feel sick. The killer bee stings you.
* * * LOW HITPOINT WARNING * * *
You are more poisoned.
The killer bee poisons you!
Unknown command.
You miss the killer bee. Your punch misses the killer bee.
The killer bee is almost dead.
You feel sick. The killer bee stings you.
* * * LOW HITPOINT WARNING * * *
Unknown command.
You miss the killer bee.
The killer bee is almost dead.
You feel sick. The killer bee closely misses you. The killer bee stings you!
* * * LOW HITPOINT WARNING * * *
You are lethally poisoned!
The killer bee poisons you!
Unknown command.
Casting: Necrotise (safe; 4% risk of failure)
Confirm with . or Enter, or press ? or * to list all spells.
Aiming: Necrotise (safe; 4% risk of failure)
Press: ? - help, Shift-Dir - straight line, f - killer bee
Aim: a killer bee (almost dead, chance to affect: 84%)
The killer bee writhes in agony.
* * * LOW HITPOINT WARNING * * *
You feel very sick. The killer bee stings you.
* * * LOW HITPOINT WARNING * * *
The killer bee misses you.
Casting: Necrotise (safe; 4% risk of failure)
Confirm with . or Enter, or press ? or * to list all spells.
Aiming: Necrotise (safe; 4% risk of failure)
Press: ? - help, Shift-Dir - straight line, f/p - killer bee
Aim: a killer bee (almost dead, chance to affect: 84%)
The killer bee barely resists.
* * * LOW HITPOINT WARNING * * *
You feel very sick. The killer bee stings you!
You die...

# ##### #. #####
....#########.. #...#
#######..#.........
#..)###.@yy.(..(.####....
#.......######..†.##.....
#...##### ####.......⌠
#...# #........ ##.####
##...._.. #.)..# ####....
####)# ..#.. #.# .####
#.# .


You could see 2 killer bees.

Vanquished Creatures
  Joseph (D:7)
  Sigmund (D:4)
  Menkaure (D:4)
  A water moccasin (D:4)
  2 black bears
  An ice beast (D:6)
  2 ogres (D:5)
  3 centaurs
  2 phantoms
  2 kobold brigands (Sewer)
  A bullfrog (D:7)
  6 scorpions
  A wight (D:6)
  7 killer bees (D:7)
  A howler monkey (D:5)
  3 vampire bats (D:4)
  3 jellies
  2 orc priests
  2 gnoll boudas
  2 hounds
  3 iguanas
  A sleepcap (D:7)
  5 orc wizards
  A mummy (D:6)
  16 gnolls
  12 adders
  3 river rats
  An ufetubus (D:4)
  3 worms
  The ghost of Esekla the Magician, a weakling MeHW (D:3)
  A dart slug (D:4)
  23 orcs
  4 bat skeletons (D:4)
  2 bat zombies (D:4)
  7 endoplasms
  3 giant cockroaches
  6 goblins
  8 hobgoblins
  2 jackals (Sewer)
  9 kobolds
  7 quokkas
  8 ball pythons
  3 bats
  10 frilled lizards
  7 rats
190 creatures vanquished.

Notes
Turn   | Place    | Note
-------+----------+-------------------------------------------
     0 | D:1      | cdecastro the Gnoll Cinder Acolyte began the quest for the
                  | Orb.
     0 | D:1      | Reached XP level 1. HP: 23/23 MP: 4/4
   116 | D:1      | Reached XP level 2. HP: 27/29 MP: 5/5
   233 | D:1      | Reached XP level 3. HP: 28/35 MP: 7/7
   656 | D:1      | Learned a level 2 spell: Scorch
   741 | D:2      | Reached skill level 1 in Invocations
   801 | D:2      | Reached skill level 1 in Short Blades
   801 | D:2      | Reached skill level 1 in Long Blades
   801 | D:2      | Reached skill level 1 in Axes
   801 | D:2      | Reached skill level 1 in Maces & Flails
   801 | D:2      | Reached skill level 1 in Staves
   801 | D:2      | Reached skill level 1 in Ranged Weapons
   801 | D:2      | Reached skill level 1 in Throwing
   801 | D:2      | Reached skill level 1 in Armour
   801 | D:2      | Reached skill level 1 in Dodging
   801 | D:2      | Reached skill level 1 in Stealth
   801 | D:2      | Reached skill level 1 in Shields
   801 | D:2      | Reached skill level 1 in Unarmed Combat
   801 | D:2      | Reached skill level 1 in Evocations
   801 | D:2      | Upgraded the game from 0.30.0-15-g856e2d3f33 to
                  | 0.30.0-17-ge0270778cf
   868 | D:2      | Reached XP level 4. HP: 34/41 MP: 8/8
   920 | D:2      | Found a runed translucent door.
   921 | D:2      | Noticed Crazy Yiuf
  1212 | D:2      | Reached skill level 1 in Conjurations
  1212 | D:2      | Reached skill level 1 in Hexes
  1212 | D:2      | Reached skill level 1 in Summonings
  1212 | D:2      | Reached skill level 1 in Necromancy
  1212 | D:2      | Reached skill level 1 in Translocations
  1212 | D:2      | Reached skill level 1 in Transmutations
  1212 | D:2      | Reached skill level 1 in Ice Magic
  1212 | D:2      | Reached skill level 1 in Air Magic
  1212 | D:2      | Reached skill level 1 in Earth Magic
  1212 | D:2      | Reached skill level 1 in Poison Magic
  1645 | D:3      | Found a runed translucent gate.
  1646 | D:3      | Found a runed translucent gate.
  1646 | D:3      | Found a runed translucent gate.
  1646 | D:3      | Noticed Esekla's ghost (weakling MeHW)
  1660 | D:3      | Killed Esekla's ghost
  1777 | D:3      | Reached XP level 5. HP: 47/47 MP: 9/9
  1973 | D:3      | Found Siad's Weapon Emporium.
  2094 | D:3      | Found Kilaris's Weapon Shop.
  2202 | D:3      | Found Qiwn's Magic Scroll Shoppe.
  2205 | D:3      | Bought a scroll of identify for 28 gold pieces
  2205 | D:3      | Bought a scroll of teleportation for 42 gold pieces
  2607 | D:3      | Found Kuhoesyox's Magic Scroll Shoppe.
  2689 | D:3      | Found Uxenifru's Book Shop.
  2971 | D:3      | Bought a scroll of fear for 56 gold pieces
  3021 | D:4      | Reached XP level 6. HP: 50/53 MP: 2/11
  3162 | D:4      | Noticed Menkaure
  3171 | D:4      | Killed Menkaure
  3512 | D:4      | Found an ancient bone altar of Kikubaaqudgha.
  3525 | D:4      | Reached XP level 7. HP: 53/60 MP: 12/12
  3825 | D:4      | Found Lepoh's Elemental Accessories.
  3975 | D:4      | Found a bloodstained altar of Trog.
  4034 | D:4      | Identified the +1 plate armour "Ithisob" {rPois Str+7
                  | Slay-3}
  4048 | D:4      | Noticed Sigmund
  4056 | D:4      | Killed Sigmund
  4458 | D:5      | Entered Level 5 of the Dungeon
  4716 | D:5      | Reached XP level 8. HP: 61/67 MP: 5/14
  5105 | D:5      | Found a runed translucent door.
  5111 | D:5      | Noticed Pooter's ghost (novice MiBe)
  5446 | D:5      | Found a runed translucent door.
  5588 | D:5      | Found a shadowy altar of Dithmenos.
  5980 | D:5      | Reached XP level 9. HP: 64/73 MP: 5/16
  6111 | D:6      | Found a glowing drain.
  6126 | D:6      | Reached skill level 5 in Spellcasting
  6254 | Sewer    | Entered a sewer
  7771 | D:6      | Found a blossoming altar of Fedhas.
  7802 | D:6      | Learned a level 1 spell: Necrotise
  8101 | D:6      | Found a snail-covered altar of Cheibriados.
  8230 | D:6      | Reached skill level 5 in Invocations
  8456 | D:7      | Noticed Joseph
  8924 | D:7      | Killed Joseph
  9168 | D:7      | Found a basalt altar of Yredelemnul.
  9173 | D:7      | Found a broken altar of Ashenzari.
  9185 | D:7      | Reached skill level 5 in Short Blades
  9185 | D:7      | Reached skill level 5 in Long Blades
  9185 | D:7      | Reached skill level 5 in Axes
  9185 | D:7      | Reached skill level 5 in Maces & Flails
  9185 | D:7      | Reached skill level 5 in Staves
  9185 | D:7      | Reached skill level 5 in Ranged Weapons
  9185 | D:7      | Reached skill level 5 in Throwing
  9185 | D:7      | Reached skill level 5 in Armour
  9185 | D:7      | Reached skill level 5 in Dodging
  9185 | D:7      | Reached skill level 5 in Stealth
  9185 | D:7      | Reached skill level 5 in Shields
  9185 | D:7      | Reached skill level 5 in Unarmed Combat
  9185 | D:7      | Reached skill level 5 in Evocations
  9185 | D:7      | Reached XP level 10. HP: 77/81 MP: 12/18
  9224 | D:7      | HP: 3/82 [killer bee (4)]
  9225 | D:7      | HP: 1/82 [poisoned by a killer bee]
  9225 | D:7      | Mangled by a killer bee

Illustrated notes

Levels and vault maps discovered:
D:1:      minmay_arrival_stair_chambers, layout_rooms,
          nicolae_figureground_pulse
D:2:      layout_rooms, uniq_crazy_yiuf_cottage
D:3:      layout_basic, ebering_ghost_rock_garden, serial_shops, shop,
          nicolae_shop_bloodbath_and_beyond, nicolae_shop_pleasant_corner_grove,
          shop, nicolae_shop_statue_plus, nicolae_figureground_sparkle
D:4:      layout_loops_ring, trog_book, kennysheep_vampire_church,
          abandoned_shop, nicolae_elemental_shop, chequers_big_river,
          minmay_pentangle, uniq_menkaure, uniq_sigmund
D:5:      layout_gridville, lemuel_coloured_pillars_altar,
          ebering_ghost_sewer_f, st_stairs_3
D:6:      layout_rooms, slow_altar_1, cheibrodos_sewer_entry_sluice,
          minmay_ruined_shrine
D:7:      layout_rooms, grunt_temple_overflow_open, temple_statues,
          serial_bayou_pond_e, skrybe_limestone_x, uniq_pikel, uniq_joseph

Skill      XL: |  1  2  3  4  5  6  7  8  9 10 |
---------------+-------------------------------+-----
Invocations    | 1 2 3 4 5 |  5.6
Short Blades   | 1 2 3 5 |  5.1
Long Blades    | 1 2 3 5 |  5.1
Axes           | 1 2 3 5 |  5.1
Maces & Flails | 1 2 3 5 |  5.1
Staves         | 1 2 3 5 |  5.1
Ranged Weapons | 1 2 3 5 |  5.1
Throwing       | 1 2 3 5 |  5.1
Armour         | 1 2 3 5 |  5.1
Dodging        | 1 2 3 5 |  5.1
Stealth        | 1 2 3 5 |  5.1
Shields        | 1 2 3 5 |  5.1
Unarmed Combat | 1 2 3 5 |  5.1
Evocations     | 1 2 3 5 |  5.1
Spellcasting   | 3 4 5 |  5.9
Conjurations   | 1 2 3 4 |  4.2
Hexes          | 1 2 3 4 |  4.2
Summonings     | 1 2 3 4 |  4.2
Necromancy     | 1 2 3 4 |  4.2
Translocations | 1 2 3 4 |  4.2
Transmutations | 1 2 3 4 |  4.2
Ice Magic      | 1 2 3 4 |  4.2
Air Magic      | 1 2 3 4 |  4.2
Earth Magic    | 1 2 3 4 |  4.2
Poison Magic   | 1 2 3 4 |  4.2
Fighting       | 7 8 |  8.4
Polearms       | 7 8 |  8.4
Fire Magic     | 6 7 |  7.0

Action                     |  1- 3 |  4- 6 |  7- 9 | 10-12 || total
---------------------------+-------+-------+-------+-------++-------
  Melee: Spear             |    80 |   140 |   154 |    10 ||   384
         Bite              |     6 |    11 |    10 |       ||    27
         Punch             |       |     1 |     3 |       ||     4
  Throw: Dart              |       |       |    12 |     3 ||    15
         Boomerang         |       |       |     2 |       ||     2
   Cast: Scorch            |       |    31 |   181 |     6 ||   218
         Necrotise         |       |       |       |     6 ||     6
    Use: Scroll            |       |     3 |     4 |       ||     7
         Potion            |       |       |     1 |     1 ||     2
 Armour: Robe              |     6 |       |       |       ||     6
         Ring mail         |     1 |    73 |    71 |     2 ||   147
  Dodge: Dodged            |    25 |    71 |   148 |    14 ||   258
